 Dungeon Crawl Stone Soup version 0.30.0-29-ga12c61a403 (webtiles) character file.

Game seed: 11310777492225354566

8839 monsoonserge the Slicer (level 11, 0/86 HPs)
             Began as a Demonspawn Monk on June 4, 2023.
             Was an Initiate of Gozag.
             Killed from afar by an electric eel (6 damage)
             ... with a bolt of electricity
             ... while petrified by a basilisk
             ... on level 10 of the Dungeon.
             The game lasted 00:28:01 (7598 turns).

monsoonserge the Slicer (Demonspawn Monk)           Turns: 7598, Time: 00:28:02

Health: 0/86       AC: 14    Str: 11    XL:     11   Next: 15%
Magic:  11/11      EV:  2    Int: 11    God:    Gozag
Gold:   1146       SH:  0    Dex: 21    Spells: 10/10 levels left

rFire   + . .        B - +1 dagger (distort)
rCold   . . .        d - orb {light}
rNeg    + + +        k - +4 ring mail "Maeska Laba" {rCorr Stlth+}
rPois   ∞            (helmet restricted)
rElec   .            o - +0 cloak
rCorr   +            (no gloves)
SInv    .            E - +1 pair of boots of Vominiq {rPois}
Will    .....        (no amulet)
Stlth   +            y - ring of protection from fire
HPRegen 0.34/turn    u - ring of wizardry
MPRegen 0.12/turn

%: wizardry (x1)
@: petrified, glowing
A: horns 2, powered by death 2, powered by pain 1, sharp scales 1
a: Renounce Religion, Potion Petition, Call Merchant, Bribe Branch


You were on level 10 of the Dungeon.
You worshipped Gozag.
Gozag was most pleased with you.
You visited 2 branches of the dungeon, and saw 11 of its levels.
You also visited: Bailey.

You collected 1364 gold pieces.
You spent 218 gold pieces at shops.

Inventory:

Hand Weapons
 a - a +0 falchion
 B - a +1 dagger of distortion (weapon)
 I - a +0 shortbow
 M - a +4 dagger
 S - the +1 falchion of a sewer {flame, rElec rF+ Int+2}
   (You found it in a bailey)

   Int:       It affects your intelligence (+2).
   rF:        It protects you from fire.
   rElec:     It insulates you from electricity.
 U - a +5 morningstar of venom
Missiles
 g - 9 curare-tipped darts
 s - 25 poisoned darts
 w - 12 boomerangs (quivered)
 R - 2 throwing nets
Armour
 d - an orb of light (worn)
 k - the +4 ring mail "Maeska Laba" (worn) {rCorr Stlth+}
   (You found it on level 9 of the Dungeon)

   rCorr:     It protects you from acid and corrosion.
   Stlth:     It makes you more stealthy.
 o - a +0 cloak (worn)
 E - the +1 pair of boots of Vominiq (worn) {rPois}
   (You bought it in a shop on level 4 of the Dungeon)

   rPois:     It protects you from poison.
 Q - a +2 leather armour of willpower
 T - a +0 robe of positive energy
Magical Staves
 V - a staff of conjuration
Jewellery
 u - a ring of wizardry (right hand)
 y - a ring of protection from fire (left hand)
Wands
 l - a wand of roots (10)
 G - a wand of digging (4)
 K - a wand of acid (8)
Scrolls
 b - 11 scrolls of identify {unknown}
 h - a scroll of enchant weapon {unknown}
 j - 2 scrolls of fear {unknown}
 m - 10 scrolls of teleportation {unknown}
 p - a scroll of silence {unknown}
 q - 2 scrolls of torment {unknown}
 t - 3 scrolls of immolation {unknown}
 v - 2 scrolls of noise {unknown}
 x - a scroll of acquirement {unknown}
 C - 2 scrolls of magic mapping {unknown}
 H - a scroll of amnesia {unknown}
 J - 3 scrolls of fog {unknown}
 N - 3 scrolls of vulnerability {unknown}
 O - 2 scrolls of enchant armour {unknown}
Potions
 c - 2 potions of ambrosia
 e - a potion of cancellation
 f - a potion of lignification {unknown}
 i - 7 potions of curing
 n - a potion of haste {unknown}
 r - a potion of invisibility {unknown}
 z - a potion of flight {unknown}
 A - 3 potions of mutation {unknown}
 D - a potion of resistance {unknown}
 F - 2 potions of degeneration {unknown}
 L - 2 potions of heal wounds
 P - 2 potions of attraction {unknown}


   Skills:
 + Level 8.2 Fighting
 + Level 9.3(9.9) Short Blades
 - Level 5.2(7.9) Long Blades
 + Level 5.9 Throwing
 - Level 4.0 Armour
 + Level 7.3 Dodging


You had 10 spell levels left.
You didn't know any spells.
Your spell library contained the following spells:

 Spells                   Type           Power      Damage    Failure   Level
 Cigotuvi's Dreadful Rot  Necr/Pois/Air  0%         N/A       43%         2
 Sublimation of Blood     Necr           0%         N/A       43%         2
 Wereblood                Tmut           0%         N/A       43%         2
 Portal Projectile        Hex/Tloc       0%         N/A       65%         3
 Tukima's Dance           Hex            0%         N/A       65%         3
 Dispel Undead            Necr           0%         3d6       95%         4
 Blade Hands              Tmut           0%         N/A       100%        5
 Death Channel            Necr           0%         N/A       100%        6
 Summon Hydra             Summ           0%         N/A       100%        7


Dungeon Overview and Level Annotations

Branches:
Dungeon (10/15)            Temple (1/1) D:6             Orc (0/2) D:10
 Bailey (visited)
   Lair: D:8-11

Altars:
Ashenzari
Cheibriados
Dithmenos
Fedhas
Gozag
Hepliaklqana
Kikubaaqudgha
Nemelex Xobeh
Okawaru
Qazlal
Sif Muna
Trog
Uskayaw
Vehumet
Wu Jian
Xom
Yredelemnul

Shops:
D:4 [   D:10 ([*

Annotations:
D:10 3 runed translucent doors, jagang's ghost, journeyman DsBe


Innate Abilities, Weirdness & Mutations

You have a pair of horns on your head.
You regenerate health from kills.
You sometimes gain a little power by taking damage.
You are partially covered in razor-sharp scales. (AC +1, Slay +1)


Message History

You hit the electric eel.
Space warps around the electric eel.
The electric eel is severely wounded.
The electric eel shoots out a bolt of lightning at you!
The bolt of electricity hits you!
The electric eel shoots out a bolt of lightning at you!
The bolt of electricity hits the electric eel.
The electric eel completely resists.
The bolt of electricity hits you.
You hit the electric eel but do no damage.
Space warps horribly around the electric eel!
You kill the electric eel!
You now have 1146 gold pieces (gained 4).
The electric eel shoots out a bolt of lightning at you!
The bolt of electricity hits you.
* * * LOW HITPOINT WARNING * * *
The electric eel shoots out a bolt of lightning at you!
The bolt of electricity hits you.
* * * LOW HITPOINT WARNING * * *
The electric eel shoots out a bolt of lightning at you!
The bolt of electricity hits you.
* * * LOW HITPOINT WARNING * * *
The basilisk gazes at you.
You are slowing down.
The electric eel shoots out a bolt of lightning at you!
The bolt of electricity hits you!
* * * LOW HITPOINT WARNING * * *
The basilisk gazes at you.
Your limbs have turned to stone.
You have turned to stone.
The electric eel shoots out a bolt of lightning at you!
The bolt of electricity hits you.
* * * LOW HITPOINT WARNING * * *
The electric eel shoots out a bolt of lightning at you!
The bolt of electricity hits you.
* * * LOW HITPOINT WARNING * * *
The electric eel shoots out a bolt of lightning at you!
The bolt of electricity hits you.
* * * LOW HITPOINT WARNING * * *
The electric eel shoots out a bolt of lightning at you!
The bolt of electricity hits you!
You die...
Your body crumbles into a pile of gold.

#...>...##.≈≈)≈≈.##
#.........)≈..)≈...
#...∩...##.≈)∩.≈... $
#.......##.≈.>.≈.##
#.#.#.......##.≈≈≈≈≈..#
#.#.........##........$
#.######.##....##..####
.#####.######....#####..#
# ...........@..####
#..#### ##...........##
#...... ..............#
#.##### ..............#
..............#
....~.S.......#
......≈≈≈.....#
....≈≈.l≈.....#
..~≈≈$.≈≈.......


You could see a basilisk and an electric eel.

Vanquished Creatures
  A manticore (D:9)
  An unseen horror (D:10)
  Grinder (D:3)
  A hornet (D:8)
  11 yaks
  A vampire (D:10)
  A shadow (D:10)
  A wyvern (D:10)
  3 steam dragons
  A water moccasin (D:7)
  A black bear (D:7)
  3 ice beasts
  2 sky beasts (D:6)
  9 orc warriors
  3 centaurs
  An ogre (D:9)
  4 bullfrogs
  A gnoll sergeant (D:9)
  A kobold brigand (D:6)
  A scorpion (D:5)
  4 wights (D:8)
  A vampire bat (D:4)
  4 howler monkeys
  An electric eel (D:10)
  A gnoll bouda (D:7)
  3 iguanas
  5 orc priests
  3 hounds
  Jessica (D:3)
  4 sleepcaps
  Natasha (thrice) (D:3)
  5 orc wizards (D:5)
  Robin (D:3)
  5 adders
  4 gnolls
  A white imp (D:6)
  4 ufetubi
  3 fire bats (D:4)
  45 orcs
  2 spectral bats (D:4)
  3 bat skeletons (D:4)
  A bat zombie (D:4)
  9 endoplasms
  2 giant cockroaches
  20 goblins
  10 hobgoblins
  5 jackals
  15 kobolds
  6 quokkas
  8 ball pythons
  10 bats
  A bat simulacrum (D:4)
  2 frilled lizards
  8 rats
248 creatures vanquished.

Vanquished Creatures (others)
  An orc (D:8)
1 creature vanquished.

Grand Total: 249 creatures vanquished

Notes
Turn   | Place    | Note
-------+----------+-------------------------------------------
     0 | D:1      | monsoonserge the Demonspawn Monk began the quest for the
                  | Orb.
     0 | D:1      | Reached XP level 1. HP: 18/18 MP: 1/1
   136 | D:1      | Gained mutation: You regenerate a little health from kills.
                  | [demonic ancestry]
   136 | D:1      | Reached XP level 2. HP: 7/24 MP: 2/2
   449 | D:1      | Gained mutation: You have a pair of small horns on your
                  | head. [demonic ancestry]
   449 | D:1      | Reached XP level 3. HP: 21/29 MP: 3/3
  1550 | D:3      | Gained mutation: You have a pair of horns on your head.
                  | [demonic ancestry]
  1550 | D:3      | Reached XP level 4. HP: 35/35 MP: 4/4
  1577 | D:3      | Noticed Natasha
  1588 | D:3      | Killed Natasha
  1589 | D:3      | Reached skill level 1 in Armour
  1741 | D:3      | Noticed Natasha
  1752 | D:3      | Killed Natasha
  1867 | D:3      | Noticed Robin
  1886 | D:3      | Killed Robin
  1887 | D:3      | Reached XP level 5. HP: 41/41 MP: 5/5
  2134 | D:3      | Noticed Natasha
  2140 | D:3      | Killed Natasha
  2192 | D:3      | Noticed Jessica
  2194 | D:3      | Noticed Grinder
  2196 | D:3      | Killed Jessica
  2217 | D:3      | Killed Grinder
  2218 | D:3      | Reached XP level 6. HP: 30/48 MP: 6/6
  2400 | D:4      | Reached skill level 5 in Long Blades
  2468 | D:4      | Gained mutation: You sometimes gain a little power by
                  | taking damage. [demonic ancestry]
  2468 | D:4      | Reached XP level 7. HP: 53/55 MP: 7/7
  2902 | D:4      | Found Wetesitt's Antique Armour Boutique.
  2910 | D:4      | Bought a pair of jewelled boots for 218 gold pieces
  2910 | D:4      | Identified the +1 pair of boots of Vominiq {rPois} (You
                  | bought it in a shop on level 4 of the Dungeon)
  3072 | D:5      | Entered Level 5 of the Dungeon
  3115 | D:5      | Reached skill level 1 in Short Blades
  3202 | D:5      | Reached skill level 5 in Fighting
  3273 | D:5      | Reached skill level 2 in Short Blades
  3312 | D:5      | Reached skill level 1 in Throwing
  3312 | D:5      | Gained mutation: You regenerate health from kills. [demonic
                  | ancestry]
  3312 | D:5      | Reached XP level 8. HP: 62/62 MP: 8/8
  3566 | D:5      | Reached skill level 3 in Short Blades
  3837 | D:6      | Reached skill level 4 in Short Blades
  4194 | D:6      | Reached skill level 5 in Short Blades
  4194 | D:6      | Reached skill level 5 in Dodging
  4196 | D:6      | Gained mutation: You are partially covered in razor-sharp
                  | scales. (AC +1, Slay +1) [demonic ancestry]
  4196 | D:6      | Reached XP level 9. HP: 61/69 MP: 9/9
  4290 | D:6      | Found a staircase to the Ecumenical Temple.
  4299 | Temple   | Entered the Ecumenical Temple
  4504 | Temple   | Became a worshipper of Gozag Ym Sagoz the Greedy
  5022 | D:7      | Reached skill level 6 in Short Blades
  5658 | D:8      | Reached skill level 7 in Short Blades
  5731 | D:8      | Reached XP level 10. HP: 77/77 MP: 10/10
  6032 | D:9      | Identified the +4 ring mail "Maeska Laba" {rCorr Stlth+}
  6362 | D:9      | Noticed a manticore
  6407 | D:9      | Killed a manticore
  6408 | D:9      | Reached skill level 5 in Throwing
  6443 | D:9      | Reached skill level 8 in Short Blades
  6808 | D:10     | Entered Level 10 of the Dungeon
  6813 | D:10     | Found Tycaceah's Assorted Antiques.
  6909 | D:10     | Found a runed translucent gate.
  6910 | D:10     | Found a runed translucent gate.
  6910 | D:10     | Found a runed translucent gate.
  6912 | D:10     | Noticed jagang's ghost (journeyman DsBe)
  7016 | D:10     | Found a flagged portal.
  7052 | Bailey   | Entered a bailey
  7157 | Bailey   | Noticed an orc knight
  7158 | Bailey   | Found a large runed translucent door.
  7158 | Bailey   | Found a large runed translucent door.
  7159 | Bailey   | Noticed a deep elf pyromancer
  7166 | Bailey   | Banished an orc knight
  7375 | Bailey   | Banished a deep elf pyromancer
  7376 | Bailey   | Reached XP level 11. HP: 86/86 MP: 11/11
  7385 | Bailey   | Identified the +1 falchion of a sewer {flame, rElec rF+
                  | Int+2}
  7456 | D:10     | Reached skill level 9 in Short Blades
  7494 | D:10     | Found Peigrau's Armour Emporium.
  7496 | D:10     | Found a staircase to the Orcish Mines.
  7501 | D:10     | Found Niejon's Weapon Emporium.
  7598 | D:10     | Killed from afar by an electric eel

Illustrated notes

Levels and vault maps discovered:
D:1:      nicolae_arrival_memento_mori, layout_basic
D:2:      layout_basic
D:3:      layout_basic, uniq_jessica, uniq_robin, uniq_grinder, uniq_natasha
D:4:      minmay_angry_zag, layout_cave_pools, serial_shops, shop,
          kennysheep_flooded_box, goddamned_bats
D:5:      layout_gridville, minmay_misc_feat_x
D:6:      kennysheep_steamy, layout_basic, minmay_temple_entry_crystal_x
D:7:      layout_basic, minmay_misc_feat_square
D:8:      layout_basic
D:9:      layout_roguey, serial_glass, glass_columns_a, glass_columns_b,
          glass_columns_a, glass_columns_b, glass_columns_c, glass_columns_c,
          glass_columns_b, glass_columns_c, glass_columns_a, glass_columns_a,
          glass_columns_b, glass_columns_a, glass_columns_a, glass_columns_c,
          grunt_ogre_cave, serial_bayou_pond_d
D:10:     layout_loops_ring, mainiacjoe_overflow_large_starburst, orc_david_3,
          ebering_ghost_rock_garden, enter_bailey_5, serial_shops,
          nicolae_shop_overgrown_old_shop, disabler_island
Temple:   nicolae_temple_bog_church

Skill      XL: |  1  2  3  4  5  6  7  8  9 10 11 |
---------------+----------------------------------+-----
Long Blades    | 3 4 5 |  5.2
Dodging        | 3 4 5 6 7 |  7.3
Armour         | 1 2 4 |  4.0
Fighting       | 4 5 6 8 |  8.2
Short Blades   | 2 5 7 8 9 |  9.3
Throwing       | 1 2 4 5 |  5.9

Action                     |  1- 3 |  4- 6 |  7- 9 | 10-12 || total
---------------------------+-------+-------+-------+-------++-------
  Melee: Falchion          |   119 |   108 |     5 |       ||   232
         Headbutt          |    12 |    29 |    78 |    50 ||   169
         Dagger            |       |       |   309 |   169 ||   478
  Throw: Boomerang         |       |     4 |    30 |       ||    34
    Use: Potion            |       |     3 |       |       ||     3
   Stab: Distracted        |       |       |       |     1 ||     1
 Armour: Robe              |     2 |       |       |       ||     2
         Leather armour    |    14 |       |     6 |       ||    20
         Scale mail        |    29 |    82 |   125 |       ||   236
         Ring mail         |       |       |       |    59 ||    59
  Dodge: Dodged            |    88 |    92 |   136 |   123 ||   439
